 Dungeon Crawl Stone Soup version 0.28-a0-1143-gcf6077d4cc (webtiles) character file.

Game seed: 3244255570924310211

2333 SensoryNuts the Carver (level 9, 0/77 (78) HPs)
             Began as a Red Draconian Fighter on Dec 13, 2021.
             Was an Initiate of Gozag.
             Slain by a wight (8 damage)
             ... on level 8 of the Dungeon.
             The game lasted 00:09:59 (8872 turns).

SensoryNuts the Carver (Red Draconian Fighter)      Turns: 8872, Time: 00:10:02

HP:   0/77 (78)     AC:  7    Str: 22    XL:     9   Next: 19%
MP:   9/9           EV: 13    Int: 10    God:    Gozag
Gold: 927           SH:  4    Dex:  8    Spells: 8/8 levels left

rFire   + . .      SeeInvis .   a - +1 long sword
rCold   . . .      Faith    .   b - +0 buckler
rNeg    . . .      Spirit   .   (armour unavailable)
rPois   .          Reflect  .   (helmet restricted)
rElec   .          Harm     .   (no cloak)
rCorr   .          Rampage  .   (no gloves)
Will    .....      Rage     1%  (no boots)
Stlth   ++........              f - amulet of magic regeneration
HPRegen 0.22/turn               (no ring)
MPRegen 0.51/turn               (no ring)

@: slowed, lightly drained, very slow
A: breathe fire, AC +7, unfitting armour, fire resistance 1, cold-blooded,
berserk 1, clumsy 1, sense surroundings 1, MP-powered wands
a: Breathe Fire, Renounce Religion, Potion Petition, Call Merchant, Bribe Branch


You were on level 8 of the Dungeon.
You worshipped Gozag.
Gozag was pleased with you.
You visited 2 branches of the dungeon, and saw 9 of its levels.

You collected 989 gold pieces.
You paid 62 gold pieces to Gozag.

Inventory:

Hand Weapons
 a - a +1 long sword (weapon)
Missiles
 p - a throwing net (quivered)
Armour
 b - a +0 buckler (worn)
Jewellery
 f - an amulet of magic regeneration (around neck)
Wands
 g - a wand of mindburst (12)
 h - a wand of iceblast (6)
 i - a wand of flame (23)
 r - a wand of paralysis (12)
Scrolls
 c - 2 scrolls of magic mapping
 j - 6 scrolls of teleportation
 m - a scroll of torment
 n - 3 scrolls of enchant weapon
 o - a scroll of amnesia
 q - a scroll of acquirement {unknown}
Potions
 d - 4 potions of curing
 e - a potion of cancellation
 k - 2 potions of lignification
 l - a potion of flight


   Skills:
 + Level 6.6 Fighting
 + Level 8.8 Long Blades
 + Level 5.7 Dodging
 + Level 2.6 Stealth
 + Level 4.5 Shields


You had 8 spell levels left.
You didn't know any spells.
Your spell library contained the following spells:

 Spells                   Type           Power      Damage    Failure   Level
 Freeze                   Ice            0%         1d3       36%         1
 Frozen Ramparts          Ice            0%         1d2       75%         3
 Gell's Gravitas          Tloc           0%         N/A       75%         3
 Lesser Beckoning         Tloc           0%         N/A       75%         3
 Stone Arrow              Conj/Erth      0%         3d7       75%         3
 Summon Guardian Golem    Hex/Summ       0%         N/A       75%         3
 Teleport Other           Tloc           0%         N/A       75%         3
 Airstrike                Air            0%         N/A       98%         4
 Hailstorm                Conj/Ice       0%         3d3       98%         4
 Ice Form                 Ice/Tmut       0%         N/A       98%         4
 Summon Ice Beast         Ice/Summ       0%         N/A       98%         4
 Summon Lightning Spire   Summ/Air       0%         N/A       98%         4
 Lightning Bolt           Conj/Air       0%         1d11      100%        5
 Summon Forest            Summ/Tloc      0%         N/A       100%        5
 Summon Mana Viper        Hex/Summ       0%         N/A       100%        5
 Summon Cactus Giant      Summ           0%         N/A       100%        6
 Orb of Destruction       Conj           0%         N/A       100%        7
 Spellforged Servitor     Conj/Summ      0%         N/A       100%        7
 Lehudib's Crystal Spear  Conj/Erth      0%         10d2      100%        8
 Animate Armour           Summ/Erth      Unusable   N/A       N/A         4

Dungeon Overview and Level Annotations

Branches:
Dungeon (8/15)             Temple (1/1) D:4
   Lair: D:8-11

Altars:
Ashenzari
Cheibriados
Dithmenos
Elyvilon
Gozag
Hepliaklqana
Kikubaaqudgha
Makhleb
Okawaru
Qazlal
Ru
Sif Muna
Trog
Uskayaw
Vehumet
Wu Jian
Xom
Yredelemnul
Zin
The Shining One

Shops:
D:2 ?   D:5 :   D:7 *

Annotations:
D:7 2 transporters, Encipher's ghost, novice OpTm


Innate Abilities, Weirdness & Mutations

You can breathe blasts of fire.
Your fiery red scales are hard. (AC +7)
You cannot fit into any form of body armour.
Your flesh is heat resistant. (rF+)
You are cold-blooded and may be slowed by cold attacks.
You tend to lose your temper in combat.
You are clumsy. (Dex -2)
You passively map a small area around you.
You expend magic power (3 MP) to strengthen your wands.


Message History

You can move again.
You slash the hornet!
The hornet is heavily wounded.
The hornet completely misses you.
A wight comes into view. It is wielding a +3 mace.
You block the steam dragon's attack. The steam dragon claws you.
The hornet stings you.
You feel as though you will be slow longer.
The steam dragon breathes steam at you. The ball of steam hits you. You resist.
You feel better. The hornet barely misses you. The hornet stings you.
You feel as though you will be slow longer.
The steam dragon bites you but does no damage.
The steam dragon barely misses you. The hornet barely misses you.
The hornet stings you!
You are poisoned.
You feel as though you will be slow longer.
The steam dragon bites you. The steam dragon misses you.
You feel very sick. The hornet misses you.
You feel sick. The hornet barely misses you.
The steam dragon barely misses you. You block the steam dragon's attack.
The hornet barely misses you.
You feel sick. The hornet stings you!
* * * LOW HITPOINT WARNING * * *
You feel as though you will be slow longer.
You feel sick. The hornet misses you. The steam dragon misses you.
The steam dragon claws you.
* * * LOW HITPOINT WARNING * * *
The wight hits you with a +3 mace.
* * * LOW HITPOINT WARNING * * *
You feel drained.
* * * LOW HITPOINT WARNING * * *
You feel better. The hornet closely misses you. The steam dragon bites you!
* * * LOW HITPOINT WARNING * * *
The steam dragon claws you.
* * * LOW HITPOINT WARNING * * *
The wight hits you with a +3 mace!
You die...
Your body crumbles into a pile of gold.

......##* #...........#
..###..### #...........#
#....#...#### #.........#
..#.........###.........#
.....####.#.............#
.##<....................#
.###.####...........#####
..##.####......Dyz..#
................@...#
#.##...###..........#
#.##..#####.####..###
#.#.).##.(..# #..###########
....#......# ##............#
#.......#.### #..#.)........#
............###.#...........#
............................#
###..##.###...........[.....#


You could see a hornet, a steam dragon and a wight.

Vanquished Creatures
  Sigmund (D:3)
  3 steam dragons
  An acid dragon (D:8)
  2 water moccasins (D:8)
  2 sky beasts (D:6)
  A hornet zombie (D:7)
  A necrophage (D:4)
  2 ogres
  A centaur (D:7)
  A phantom (D:6)
  A howler monkey (D:4)
  A bullfrog zombie (D:5)
  A centaur zombie (D:7)
  3 jellies
  An orc priest (D:7)
  2 bullfrog skeletons
  A hound (D:5)
  3 centaur skeletons
  4 iguanas
  2 orc wizards
  A killer bee zombie (D:7)
  A hound skeleton (D:4)
  4 adders
  A gnoll (D:4)
  A shadow imp (D:5)
  3 white imps
  An adder skeleton (D:4)
  A worm (D:2)
  2 dart slugs
  16 orcs
  3 ball pythons
  10 endoplasms
  2 giant cockroaches
  8 goblins
  8 hobgoblins
  5 jackals (D:1)
  6 kobolds
  7 quokkas
  5 bats
  5 frilled lizards
  7 rats
131 creatures vanquished.

Vanquished Creatures (others)
  An orc wizard (D:7)
  An orc (D:5)
  A demonic plant (D:3)
  2 fungi (D:5)
5 creatures vanquished.

Grand Total: 136 creatures vanquished

Notes
Turn   | Place    | Note
-------+----------+-------------------------------------------
     0 | D:1      | SensoryNuts the Draconian Fighter began the quest for the
                  | Orb.
     0 | D:1      | Reached XP level 1. HP: 19/19 MP: 1/1
   205 | D:1      | Reached XP level 2. HP: 24/26 MP: 2/2
   709 | D:1      | Reached XP level 3. HP: 21/33 MP: 3/3
  1450 | D:2      | Found Uczot's Magic Scroll Emporium.
  2030 | D:3      | Noticed Sigmund
  2045 | D:3      | Killed Sigmund
  2046 | D:3      | Reached skill level 4 in Long Blades
  2046 | D:3      | Reached XP level 4. HP: 28/41 MP: 4/4
  2046 | D:3      | Reached XP level 5. HP: 32/47 MP: 5/5
  2707 | D:3      | Found a faded altar of an unknown god.
  3298 | D:4      | Found a staircase to the Ecumenical Temple.
  3303 | D:4      | Reached XP level 6. HP: 53/53 MP: 6/6
  3307 | Temple   | Entered the Ecumenical Temple
  3404 | Temple   | Became a worshipper of Gozag Ym Sagoz the Greedy
  4043 | D:4      | Reached skill level 5 in Long Blades
  4239 | D:4      | Your scales start taking on a fiery red colour.
  4239 | D:4      | Reached XP level 7. HP: 50/60 MP: 7/7
  4239 | D:4      | Gained mutation: Your flesh is heat resistant. (rF+) [Red
                  | Draconian growth]
  4304 | D:4      | Reached skill level 5 in Fighting
  4304 | D:4      | Reached skill level 1 in Stealth
  4754 | D:5      | Entered Level 5 of the Dungeon
  5140 | D:5      | Reached skill level 6 in Long Blades
  5200 | D:5      | Noticed a steam dragon
  5201 | D:5      | Noticed a steam dragon
  5217 | D:4      | Killed a steam dragon
  5233 | D:5      | Killed a steam dragon
  5289 | D:5      | Reached XP level 8. HP: 21/69 MP: 8/8
  5581 | D:5      | Found Nis Ihuekomm's Book Shoppe.
  5839 | D:5      | Identified the +0 chain mail of Rarredd {MP+9}
  5846 | D:5      | Gained mutation: You tend to lose your temper in combat.
                  | [potion of mutation]
  5846 | D:5      | Gained mutation: You expend magic power (3 MP) to
                  | strengthen your wands. [potion of mutation]
  5846 | D:5      | Gained mutation: You are clumsy. (Dex -2) [potion of
                  | mutation]
  5846 | D:5      | Gained mutation: You passively map a small area around you.
                  | [potion of mutation]
  5907 | D:6      | Reached skill level 7 in Long Blades
  6219 | D:6      | Reached skill level 5 in Dodging
  6301 | D:6      | Noticed a two-headed ogre
  6797 | D:7      | Found Sausaub's General Store.
  7146 | D:7      | Found a transporter.
  7149 | D:7      | Noticed a moth of wrath
  7150 | D:7      | Noticed Encipher's ghost (novice OpTm)
  7182 | D:7      | Found a transporter.
  7388 | D:7      | Reached skill level 8 in Long Blades
  7810 | D:7      | Found a hazy altar of Hepliaklqana.
  7810 | D:7      | Found a bloodstained altar of Trog.
  8334 | D:8      | Reached XP level 9. HP: 66/78 MP: 9/9
  8862 | D:8      | Paralysed by a hornet for 3 turns
  8872 | D:8      | Slain by a wight

Illustrated notes

Levels and vault maps discovered:
D:1:      dpeg_arrival_brainrot, layout_rooms
D:2:      layout_loops_ring, serial_shops, nicolae_shop_crystal
D:3:      layout_loops_ring, serial_bayou, serial_bayou_pond_d,
          serial_bayou_lagoon_a, serial_bayou_shore_b, serial_bayou_shore_a,
          shapermc_ecumenical_altar_gd, minmay_misc_feat_nine_boxes,
          st_stairs_11, kennysheep_generic_room_15, uniq_sigmund
D:4:      minmay_chambers_of_twos, layout_gridville, minmay_temple_entry_hall
D:5:      kennysheep_steamy, layout_rooms, serial_shops, nicolae_shop_stone
D:6:      layout_basic, lightli_corner_chamber
D:7:      layout_loops_ring, gammafunk_temple_overflow_statue, serial_shops,
          shop, gammafunk_ghost_berserking_beasts
D:8:      layout_rooms, overflow_temple_1_default,
          mainiacjoe_overflow_six_doors_small, enter_bailey_4,
          minmay_manual_mess
Temple:   compressed_dpeg_circular_temple

Skill      XL: |  1  2  3  4  5  6  7  8 |
---------------+-------------------------+-----
Dodging        | 3 4 5 |  5.7
Fighting       | 4 5 6 |  6.6
Long Blades    | 4 5 6 8 |  8.8
Stealth        | 1 2 |  2.6
Shields        | 4 |  4.5

Action                   |  1- 3 |  4- 6 |  7- 9 || total
-------------------------+-------+-------+-------++-------
Melee: Long sword        |   131 |   109 |   256 ||   496
       Tailslap          |    13 |    12 |    32 ||    57
  Use: Potion            |     5 |       |    11 ||    16
       Scroll            |     3 |     1 |     4 ||     8
 Stab: Sleeping          |       |     1 |       ||     1
       Distracted        |       |       |     1 ||     1
Armor: Skin              |    48 |    19 |    58 ||   125
Dodge: Dodged            |    92 |    58 |   170 ||   320
Block: Buckler           |    34 |    25 |    40 ||    99

Table legend: (Time is in decaauts)
 A = Elapsed time spent in this place.
 B = Non-inter-level travel time spent in this place.
 C = Inter-level travel time spent in this place.
 D = Time resting spent in this place.
 E = Time spent auto-exploring this place.
 F = Levels seen in this place.
 G = Mean time per level.
                   A        B        C        D        E       F      G
               +--------+--------+--------+--------+--------+-----+--------+
         Total |   8977 |   8692 |    285 |      0 |   7227 |   9 |  997.4 |
       Dungeon |   8848 |   8563 |    285 |      0 |   7168 |   8 | 1106.0 |
        Temple |    128 |    128 |      0 |      0 |     59 |   1 |  128.0 |
               +--------+--------+--------+--------+--------+-----+--------+

Top non-repeatable levels by time:
     D:7: 1707 daAuts
     D:4: 1533 daAuts
     D:3: 1253 daAuts
     D:1: 1152 daAuts
     D:5: 1131 daAuts
     D:2: 779 daAuts
     D:6: 733 daAuts
     D:8: 557 daAuts
  Temple: 128 daAuts
